 Dungeon Crawl Stone Soup version 0.31-a0-774-g0d66cbabe8 (webtiles) character file.

Game seed: 5051584775600137435

809 Skeral the Ruffian (level 7, -9/71 HPs)
             Began as a Troll Shapeshifter on Sept 17, 2023.
             Mangled by a gnoll sergeant
             ... wielding a +0 spear
              (13 damage)
             ... on level 5 of the Dungeon on Sept 18, 2023.
             The game lasted 00:07:30 (3251 turns).

Skeral the Ruffian (Troll Shapeshifter)             Turns: 3251, Time: 00:07:30

Health: -9/71      AC:  4    Str: 23    XL:     7   Next: 61%
Magic:  6/6        EV:  5    Int:  6    God:
Gold:   331        SH:  0    Dex: 17    Spells: 6/6 levels left

rFire   . .          .
                       - Unarmed
rCold   . . .        (no shield)
rNeg    . . .        a - +0 animal skin
rPois   .            i - melded +1 hat
rElec   .            s - melded +0 cloak
rCorr   .            (gloves unavailable)
SInv    .            (boots unavailable)
Will    .....        (no amulet)
Stlth   ++           D - +6 ring of dexterity
HPRegen 1.11/turn    (no ring)
MPRegen 0.10/turn

%: no passive effects
@: lethally poisoned (-9 -> -18), beast-form, held
A: beast (slay +2), large, unfitting armour, claws 3, regeneration 1, shaggy fur
1, tough skin 1
a: Begin Untransformation


You were on level 5 of the Dungeon.
You were a hulking beast.
You visited 1 branch of the dungeon, and saw 5 of its levels.

You collected 331 gold pieces.


Innate Abilities, Weirdness & Mutations

You are a hulking beast.
Your limbs bulge with bestial killing power. (Slay +2)
You are too large for most types of armour.
You have claws for hands.
Your natural rate of healing is unusually fast.
You are covered in fur. (AC +1)
You have tough skin. (AC +1)


   Skills:
 + Level 4.4 Fighting
 - Level 1.5 Dodging
 + Level 6.1 Unarmed Combat
 + Level 4.6 Shapeshifting


You had 6 spell levels left.
You didn't know any spells.
Your spell library contained the following spells:

 Spells                   Type           Power      Damage    Failure   Level
 Foxfire                  Conj/Fire      0%         2x1d4     45%         1
 Magic Dart               Conj           0%         1d3       45%         1
 Summon Small Mammal      Summ           0%         N/A       45%         1
 Call Imp                 Summ           0%         N/A       58%         2
 Ensorcelled Hibernation  Hex/Ice        0%         N/A       58%         2
 Jinxbite                 Hex            0%         N/A       58%         2
 Call Canine Familiar     Summ           0%         N/A       83%         3
 Mephitic Cloud           Conj/Pois/Air  0%         N/A       83%         3
 Summon Guardian Golem    Hex/Summ       0%         N/A       83%         3
 Anguish                  Hex/Necr       0%         N/A       99%         4
 Plasma Beam              Fire/Air       0%         2x1d10    100%        6
 Starburst                Conj/Fire      0%         6d3       100%        6

Inventory:

Missiles
 o - 5 poisoned darts (quivered)
Armour
 a - a +0 animal skin (worn)
 i - a +1 hat (melded)
   (You found it on level 3 of the Dungeon)
 s - a +0 cloak (melded)
   (You took it off Crazy Yiuf on level 3 of the Dungeon)
Jewellery
 D - a +6 ring of dexterity (left claw)
   (You found it on level 2 of the Dungeon)
Talismans
 c - a beast talisman (active)
 d - a flux talisman
Wands
 r - a wand of flame (21)
   (You found it on level 3 of the Dungeon)
 t - a wand of light (13)
   (You found it on level 3 of the Dungeon)
Scrolls
 e - 4 scrolls of fear {unknown}
 j - 2 scrolls of immolation {!r!r}
 k - a scroll of brand weapon {unknown}
 l - 2 scrolls of blinking {unknown}
 m - 3 scrolls of poison {unknown}
Potions
 b - a potion of lignification {!q}
 f - a potion of cancellation
 g - 2 potions of brilliance
 n - a potion of degeneration {unknown}
 p - a potion of enlightenment
 q - a potion of magic {unknown}
 u - a potion of haste {unknown}

Dungeon Overview and Level Annotations

Branches:
Dungeon (5/15) Zot: 26770
 Temple: D:4-7

Altars:
Dithmenos
Xom

....... #..
........# #...
.$.$....# #...
........###...
........#...#
...........#
........gg(##
.........g..#
.......h.g..#
..........>.#
#............#
#####....#...#
###......#
#...#...#
#...##..#
##... ...


You could see a gnoll sergeant and 3 gnolls.


Message History

😎 HP[+1]
You now have 71 max hp (+1).
Your hp is fully restored (71).
You claw the hound!
You kill the hound!
Things that are here:
a +0 giant club; a hound corpse; an ogre corpse
o - 4 poisoned darts (gained 1)
o - 5 poisoned darts (gained 1)
Found a stone staircase leading up.
o - 6 poisoned darts (gained 1)
o - 7 poisoned darts (gained 1)
There is a stone staircase leading up here.
There is a stone staircase leading up here.
You see here a +0 leather armour.
There is a stone staircase leading up here.
Found a stone staircase leading down.
Partly explored, can't reach some items.
Partly explored, can't reach some items.
You enter the shallow water.
You now have 331 gold pieces (gained 3).
You enter the shallow water.
There is a stone staircase leading down here.
You climb downwards.
You hear the hiss of flowing sand.
There is an entrance to an ossuary on this level.
Hurry and find it before the portal is buried!
The gnoll sergeant shouts!
Found a garnet ring and 16 gold pieces.
Found a stone staircase leading down.
There is a stone staircase leading up here.
Throw: 7 darts (poison)
Press: ? - help, Q - select action, (/) - cycle Shift-Dir - straight line, f - gnoll
Aim: a gnoll, wielding a +0 spear and quivering a throwing net (65% to hit)
You throw a poisoned dart.
The poisoned dart closely misses the gnoll.
The gnoll shouts! x2
The gnoll hits you from afar with a +0 spear. 😕 HP[-3]
You take 3 damage, and now have 68/71 hp.
Throw: 6 darts (poison)
Press: ? - help, Q - select action, (/) - cycle Shift-Dir - straight line, f/p - gnoll
Aim: a gnoll, wielding a +0 spear and quivering a throwing net (65% to hit)
You throw a poisoned dart.
The poisoned dart closely misses the gnoll.
The gnoll hits you from afar with a +0 spear.
The gnoll sergeant hits you with a +0 spear.
The gnoll hits you with a +0 spear.
The gnoll hits you with a +2 halberd of venom.
You are poisoned.
The gnoll hits you from afar with a +0 spear. 😕 HP[-10]
You take 10 damage, and now have 58/71 hp.
You scratch the gnoll.
You feel very sick. 😕 HP[-2]
You take 2 damage, and now have 56/71 hp.
You scratch the gnoll. You claw the gnoll.
You feel sick.
The gnoll hits you with a +2 halberd of venom!
You are more poisoned.
The gnoll hits you but does no damage.
The gnoll hits you from afar with a +0 spear. 😮 HP[-10]
You take 10 damage, and now have 46/71 hp.
You feel very sick. The gnoll closely misses you.
The gnoll attacks as it pursues you!
The gnoll hits you from afar with a +0 spear.
The gnoll sergeant barely misses you.
The gnoll hits you from afar with a +0 spear.
* * * LOW HITPOINT WARNING * * *
There is a stone staircase leading up, spattered with blood here. 😨 HP[-11]
You take 11 damage, and now have 35/71 hp.
You feel very sick. The gnoll closely misses you.
The gnoll sergeant hits you from afar with a +0 spear!
* * * LOW HITPOINT WARNING * * *
The gnoll throws a throwing net.
The throwing net hits you.
You become entangled in the net!
You stop ascending the stairs.
The gnoll barely misses you. 😨 HP[-12]
You take 12 damage, and now have 23/71 hp.
You struggle against the net.
You feel very sick.
The gnoll sergeant hits you from afar with a +0 spear!
* * * LOW HITPOINT WARNING * * *
The gnoll hits you from afar with a +2 halberd of venom.
* * * LOW HITPOINT WARNING * * *
You are more poisoned.
The gnoll hits you from afar with a +0 spear.
* * * LOW HITPOINT WARNING * * *
The gnoll hits you from afar with a +0 spear.
* * * LOW HITPOINT WARNING * * *
😱 HP[-17]
You take 17 damage, and now have 6/71 hp.
MASSIVE DAMAGE!! (PAUSE)
You tear a large gash into the net.
* * * LOW HITPOINT WARNING * * *
You feel very sick. The gnoll barely misses you.
The gnoll sergeant hits you from afar with a +0 spear!
You die...

Skill      XL: |  1  2  3  4  5  6  7 |
---------------+----------------------+-----
Fighting       | 1 2 3 4 |  4.4
Unarmed Combat | 4 5 6 |  6.1
Shapeshifting  | 4 |  4.6
Dodging        | |  1.5

Action                     |  1- 3 |  4- 6 |  7- 9 || total
---------------------------+-------+-------+-------++-------
  Melee: Unarmed           |    97 |   142 |    29 ||   268
         Punch             |       |     3 |     4 ||     7
  Throw: Dart              |       |       |     7 ||     7
  Evoke: Wand              |       |     3 |       ||     3
    Use: Scroll            |       |     4 |       ||     4
         Potion            |       |     2 |       ||     2
   Stab: Sleeping          |       |     4 |     1 ||     5
 Armour: Animal skin       |    63 |    93 |    35 ||   191
  Dodge: Dodged            |    44 |    71 |    19 ||   134
   Form: Beast             |       |     1 |       ||     1
         Flux              |       |     1 |       ||     1

Levels and vault maps discovered:
D:1:      lightli_arrival_flooded_house, layout_basic,
          hellmonk_ecumenical_altar_blasted, minmay_circled_x
D:2:      layout_rooms, serial_glass, glass_columns_a, glass_columns_b,
          uniq_robin
D:3:      layout_loops_corners, minivault_11, st_stairs_3,
          uniq_crazy_yiuf_cottage
D:4:      layout_loops_ring, mainiacjoe_overflow_boulevard, xom_confusion_cloud,
          uniq_grinder, uniq_edmund
D:5:      layout_cave_pods, gup_ossuary_entry_pyramid

Notes
Turn   | Place    | Note
-------+----------+-------------------------------------------
     0 | D:1      | Skeral the Troll Shapeshifter began the quest for the Orb.
     0 | D:1      | Reached XP level 1. HP: 18/18 MP: 0/0
     0 | D:1      | magus.rc [v1.10.3]
    98 | D:1      | You pick up a book of Dreams and begin reading...
    98 | D:1      | You add the spells Jinxbite, Ensorcelled Hibernation and
                  | Anguish to your library.
   132 | D:1      | Reached skill level 1 in Fighting
   162 | D:1      | Found a faded altar of an unknown god.
   177 | D:1      | Reached XP level 2. HP: 24/27 MP: 1/1
   988 | D:2      | Reached XP level 3. HP: 35/35 MP: 2/2
  1012 | D:2      | Noticed Robin
  1018 | D:2      | Killed Robin
  1019 | D:2      | Reached skill level 2 in Fighting
  1108 | D:2      | Reached skill level 4 in Unarmed Combat
  1161 | D:2      | Reached XP level 4. HP: 42/42 MP: 3/3
  1585 | D:3      | You pick up a book of Callings and begin reading...
  1585 | D:3      | You add the spells Summon Small Mammal, Call Canine
                  | Familiar and Summon Guardian Golem to your library.
  1618 | D:3      | Reached XP level 5. HP: 23/52 MP: 4/4
  1758 | D:3      | Identified the +0 chain mail "Ititok" {Harm rC+}
  1808 | D:3      | Found a runed translucent door.
  1809 | D:3      | Noticed Crazy Yiuf
  1818 | D:3      | Killed Crazy Yiuf
  1819 | D:3      | Reached skill level 3 in Fighting
  2418 | D:4      | Reached skill level 5 in Unarmed Combat
  2439 | D:4      | Noticed Grinder
  2458 | D:4      | Reached XP level 6. HP: 56/61 MP: 5/5
  2474 | D:4      | Paralysed by Grinder for 3 turns
  2483 | D:4      | Paralysed by Grinder for 4 turns
  2488 | D:4      | HP: 12/61 [Grinder (4)]
  2495 | D:4      | Killed Grinder
  2549 | D:4      | Found a shimmering altar of Xom.
  2578 | D:4      | Reached skill level 4 in Shapeshifting
  2582 | D:4      | You pick up a book of Fire and begin reading...
  2582 | D:4      | You add the spells Foxfire, Plasma Beam and Starburst to
                  | your library.
  2653 | D:4      | Reached XP level 7. HP: 68/68 MP: 6/6
  2705 | D:4      | Noticed Edmund
  2711 | D:4      | Killed Edmund
  2712 | D:4      | Reached skill level 4 in Fighting
  2947 | D:4      | Found a shadowy altar of Dithmenos.
  2970 | D:4      | You pick up a book of Minor Magic and begin reading...
  2970 | D:4      | You add the spells Magic Dart, Call Imp and Mephitic Cloud
                  | to your library.
  3008 | D:4      | HP: 14/70 [gnoll/+0 halberd (5)]
  3009 | D:4      | HP: 4/70 [gnoll/+0 whip (3)]
  3082 | D:4      | Reached skill level 6 in Unarmed Combat
  3242 | D:5      | Entered Level 5 of the Dungeon
  3250 | D:5      | HP: 13/71 [gnoll sergeant/+0 spear (7)]
  3250 | D:5      | HP: 6/71 [gnoll/+0 spear[a gnoll sergeant] (2)]
  3251 | D:5      | Mangled by a gnoll sergeant

Vanquished Creatures
  Grinder (D:4)
  Edmund (D:4)
  An ogre (D:4)
  A scorpion (D:4)
  2 hounds
  Crazy Yiuf (D:3)
  An orc priest (D:3)
  3 iguanas (D:4)
  Robin (D:2)
  4 gnolls (D:4)
  6 adders
  An ufetubus (D:4)
  2 worms
  5 orcs (D:3)
  7 bats
  9 endoplasms
  11 giant cockroaches
  11 goblins
  9 hobgoblins
  6 kobolds
  7 quokkas
  10 ball pythons
  4 frilled lizards
  4 rats
108 creatures vanquished.

Vanquished Creatures (others)
  A jelly (D:4)
  A gnoll bouda (D:4)
  An orc (D:4)
  An endoplasm (D:4)
4 creatures vanquished.

Grand Total: 112 creatures vanquished

Table legend:
 A = Non-vault XP
 B = Vault XP
 C = Vault XP percentage of total XP
 D = Non-vault monster count
 E = Vault monster count
 F = Vault count percentage of total count
                 A         B        C        D         E       F
            +---------+---------+-------+---------+---------+-------
      Total |     581 |     575 |  49.7 |      85 |      23 |  21.3
            +---------+---------+-------+---------+---------+-------
        D:1 |      34 |       6 |  15.0 |      21 |       4 |  16.0
        D:2 |      67 |      27 |  28.7 |      24 |       7 |  22.6
        D:3 |     162 |      47 |  22.5 |      24 |       3 |  11.1
        D:4 |     318 |     495 |  60.9 |      16 |       9 |  36.0
            +---------+---------+-------+---------+---------+-------

Skill      XL: |  1  2  3  4  5  6  7 |
---------------+----------------------+-----
Fighting       | 1 2 3 4 |  4.4
Unarmed Combat | 4 5 6 |  6.1
Shapeshifting  | 4 |  4.6
Dodging        | |  1.5

Action                     |  1- 3 |  4- 6 |  7- 9 || total
---------------------------+-------+-------+-------++-------
  Melee: Unarmed           |    97 |   142 |    29 ||   268
         Punch             |       |     3 |     4 ||     7
  Throw: Dart              |       |       |     7 ||     7
  Evoke: Wand              |       |     3 |       ||     3
    Use: Scroll            |       |     4 |       ||     4
         Potion            |       |     2 |       ||     2
   Stab: Sleeping          |       |     4 |     1 ||     5
 Armour: Animal skin       |    63 |    93 |    35 ||   191
  Dodge: Dodged            |    44 |    71 |    19 ||   134
   Form: Beast             |       |     1 |       ||     1
         Flux              |       |     1 |       ||     1

Illustrated notes

Table legend:
 A = Kills in this place as a percentage of kills in the entire game.
 B = Kills by you in this place as a percentage of kills by you in the entire game.
 C = Kills by friends in this place as a percentage of kills by friends in the entire game.
 D = Other kills in this place as a percentage of other kills in the entire game.
 E = Experience gained in this place as a percentage of experience gained in the entire game.
 F = Experience gained in this place divided by the number of levels of this place that you have seen.
                   A       B       C       D       E      F
               +-------+-------+-------+-------+-------+----------------------
         Total | 100.0 | 100.0 |   N/A |   N/A | 100.0 | 231.2
       Dungeon | 100.0 | 100.0 |   N/A |   N/A | 100.0 | 231.2
               +-------+-------+-------+-------+-------+----------------------

Table legend: (Time is in decaauts)
 A = Elapsed time spent in this place.
 B = Non-inter-level travel time spent in this place.
 C = Inter-level travel time spent in this place.
 D = Time resting spent in this place.
 E = Time spent auto-exploring this place.
 F = Levels seen in this place.
 G = Mean time per level.
                   A        B        C        D        E       F      G
               +--------+--------+--------+--------+--------+-----+--------+
         Total |   3228 |   3153 |     75 |    101 |   2133 |   5 |  645.6 |
       Dungeon |   3228 |   3153 |     75 |    101 |   2133 |   5 |  645.6 |
               +--------+--------+--------+--------+--------+-----+--------+

Top non-repeatable levels by time:
     D:1: 980 daAuts
     D:4: 867 daAuts
     D:3: 833 daAuts
     D:2: 538 daAuts
     D:5: 8 daAuts
